 Dungeon Crawl Stone Soup version 0.16.2-12-gd0ad4c3 (webtiles) character file.

662 SlimeFever the Digger (level 7, -20/58 HPs)
             Began as a Deep Dwarf Earth Elementalist on Oct 6, 2015.
             Demolished by a goliath beetle (21 damage)
             ... on level 5 of the Dungeon.
             The game lasted 00:49:46 (4022 turns).

SlimeFever the Digger (DDEE)                        Turns: 4022, Time: 00:49:46

Health: -20/58     AC:  5    Str: 13    XL:     7   Next: 30%
Magic:  7/14       EV: 13    Int: 16    God:
Gold:   261        SH:  0    Dex: 13    Spells: 3 memorised, 6 levels left

rFire  . . .     SeeInvis .     a - +0 quarterstaff
rCold  . . .     Clarity  .     u - +0 leather armour
rNeg   . . .     SustAb   .     (no shield)
rPois  .         Gourm    .     (no helmet)
rElec  .         Spirit   .     (no cloak)
rCorr  .         Warding  .     v - +0 pair of gloves
rMut   .         Stasis   .     B - +0 pair of boots
MR     ++...                    (no amulet)
Stlth  ++........               (no ring)
                                q - ring of protection from magic

@: non-regenerating, very resistant to hostile enchantments, unstealthy
A: damage resistance, recharge devices, sense surroundings 1, slow healing 3
a: Device Recharging


You were on level 5 of the Dungeon.
You were not hungry.

You visited 1 branch of the dungeon, and saw 5 of its levels.

You collected 261 gold pieces.

Inventory:

Hand weapons
 a - a +0 quarterstaff (weapon)
 w - a +1 hunting sling of flaming
 A - a +0 war axe
Missiles
 g - 14 poisoned needles
 j - 212 stones (quivered)
 p - 2 tomahawks
Armour
 c - a +0 robe
 u - a +0 leather armour (worn)
 v - a +0 pair of gloves (worn)
 B - a +0 pair of boots (worn)
Jewellery
 q - a ring of protection from magic (left hand)
Magical devices
 o - a wand of heal wounds (0)
Scrolls
 e - 3 scrolls of remove curse
 r - a scroll of identify
 z - a scroll of fog
Potions
 b - a potion of degeneration {unknown}
 h - a potion of restore abilities
 i - 2 potions of might
 k - a potion of mutation {unknown}
 m - a potion of ambrosia {unknown}
 n - 2 potions of haste
 s - 2 potions of agility {unknown}
 t - 2 potions of curing {unknown}
Books
 d - a book of Geomancy

   Spells                             Type                      Level
   a - Sandblast                      Earth                        1
   b - Stoneskin                      Transmutation/Earth          2
   c - Passwall                       Transmutation/Earth          3
   d - Stone Arrow                    Conjuration/Earth            3
   e - Petrify                        Transmutation/Earth          4
   f - Lee's Rapid Deconstruction     Earth                        5
Comestibles
 f - 4 bread rations
 x - a meat ration


   Skills:
 + Level 1.7 Fighting
 + Level 1.9(2.1) Axes
   Level 1.0(1.6) Polearms
 + Level 1.0(1.2) Staves
 + Level 2.0 Armour
 + Level 4.8 Dodging
 + Level 3.0 Stealth
 + Level 0.1 Unarmed Combat
 + Level 3.0 Spellcasting
 + Level 0.8 Conjurations
 + Level 1.1 Transmutations
 * Level 6.3 Earth Magic
 + Level 0.8 Evocations


You had 6 spell levels left.
You knew the following spells:

 Your Spells              Type           Power        Failure   Level  Hunger
a - Sandblast             Erth           ###...       1%          1    #......
b - Stoneskin             Trmt/Erth      ##......     10%         2    ##.....
c - Stone Arrow           Conj/Erth      ##....       21%         3    ###....


Dungeon Overview and Level Annotations

Branches:
Dungeon (5/15)
 Temple: D:4-7

Altars:
Ashenzari
Qazlal
Ru


Innate Abilities, Weirdness & Mutations

You are resistant to damage.
You can recharge devices by infusing magical energy.
You passively map a small area around you.
You do not heal naturally.


Message History

The goliath beetle is severely wounded.
The goliath beetle bites you.
* * * LOW HITPOINT WARNING * * *
Casting: Sandblast
Confirm with . or Enter, or press ? or * to list all spells.
Aiming: Sandblast
Press: ? - help, Shift-Dir - straight line, f/p - goliath beetle
Aim: a goliath beetle (severely wounded)
The blast of sand hits the goliath beetle.
The goliath beetle is severely wounded.
You completely miss the goliath beetle.
The goliath beetle is severely wounded.
You hit the goliath beetle.
The goliath beetle is severely wounded.
You barely miss the goliath beetle.
The goliath beetle is severely wounded.
You hit the goliath beetle.
The goliath beetle is severely wounded.
The goliath beetle bites you!!
You die...

,, * #...#.# #.# ,,
#.#.#.# #.# ###.###.#
#.# #..†....# #.#
#####.###.# #.#
#.....###.# #.#
#.......#.# #.#
#.....#B#.# #.#
######.....#@#.# #.#
####..........#.#.# #.#
#.............#.#.# #.#
#.............#.#.# #.#
##...###########.#.# #.#
.....###########.#.# #.#
#.....##...........# #.#
#.....##....####.#.###.#
#.....##....# #.......#


You could see a goliath beetle.

Vanquished Creatures
  A black bear (D:5)
  Sigmund (D:3)
  A crimson imp (D:5)
  3 hounds
  2 iguanas (D:4)
  A giant frog skeleton (D:5)
  2 orc wizards
  2 orc priests
  3 adders
  A giant mite (D:2)
  2 worms
  An adder skeleton (D:4)
  An ooze (D:3)
  21 orcs
  3 ball pythons
  20 bats
  A bat skeleton (D:3)
  11 hobgoblins
  10 jackals (D:3)
  5 kobolds
  2 quokkas (D:2)
  3 giant cockroaches (D:1)
  2 giant newts
  16 goblins
  8 rats
123 creatures vanquished.

Notes
Turn   | Place    | Note
--------------------------------------------------------------
     0 | D:1      | SlimeFever, the Deep Dwarf Earth Elementalist, began the quest for the Orb.
     0 | D:1      | Reached XP level 1. HP: 15/15 MP: 2/2
    74 | D:1      | You fall through a shaft!
    93 | D:2      | Noticed an earth elemental
    94 | D:2      | Found a stormy altar of Qazlal.
    96 | D:2      | Noticed a fire elemental
    97 | D:2      | Noticed a water elemental
    97 | D:2      | Noticed an air elemental
   274 | D:1      | Reached XP level 2. HP: 22/22 MP: 0/3
   776 | D:1      | Reached XP level 3. HP: 28/28 MP: 4/6
  1403 | D:2      | Learned a level 2 spell: Stoneskin
  1407 | D:2      | Learned a level 3 spell: Stone Arrow
  1596 | D:2      | Reached XP level 4. HP: 7/37 MP: 2/8
  1938 | D:3      | Reached skill level 1 in Axes
  2317 | D:3      | Found a sacrificial altar of Ru.
  2328 | D:3      | Reached skill level 5 in Earth Magic
  2328 | D:3      | Reached XP level 5. HP: 26/43 MP: 4/9
  2376 | D:3      | Noticed Sigmund
  2400 | D:3      | Killed Sigmund
  2400 | D:3      | Reached skill level 1 in Fighting
  2400 | D:3      | Reached skill level 1 in Polearms
  2400 | D:3      | Reached skill level 1 in Transmutations
  2521 | D:3      | Reached skill level 1 in Armour
  2696 | D:4      | Reached XP level 6. HP: 32/51 MP: 9/11
  3595 | D:5      | Entered Level 5 of the Dungeon
  3595 | D:5      | Found a shattered altar of Ashenzari.
  3701 | D:5      | Reached skill level 1 in Staves
  3701 | D:5      | Reached skill level 6 in Earth Magic
  3701 | D:5      | Reached XP level 7. HP: 22/58 MP: 11/13
  4013 | D:5      | HP: 1/58 [goliath beetle (3)]
  4022 | D:5      | Demolished by a goliath beetle

Action                   |  1- 3 |  4- 6 |  7- 9 || total
-------------------------+-------+-------+-------++-------
Melee: Unarmed           |    72 |       |       ||    72
       Club              |     1 |       |       ||     1
       Hand axe          |    42 |    20 |       ||    62
       Trident           |       |    80 |       ||    80
       Quarterstaff      |       |   120 |    64 ||   184
 Cast: Sandblast         |    60 |    10 |    28 ||    98
       Stoneskin         |     1 |     9 |       ||    10
       Stone Arrow       |       |     9 |     1 ||    10
Evoke: Wand              |     1 |     7 |     1 ||     9
  Use: Scroll            |     4 |     7 |       ||    11
       Potion            |       |     1 |     1 ||     2
 Stab: Sleeping          |       |     2 |       ||     2
  Eat: Beef jerky        |     1 |     1 |     1 ||     3
       Royal jelly       |     1 |       |       ||     1
       Meat ration       |       |     1 |       ||     1
       Pizza             |       |     1 |     1 ||     2
